 Dungeon Crawl Stone Soup version 0.26-a0-812-g31a745ddcd (webtiles) character file.

Game seed: 16700942192956606291

16158 kae the Severer (level 12, -2/108 HPs)
             Began as a Hill Orc Fighter on Dec 9, 2020.
             Was a Believer of Qazlal.
             Slain by Rupert
             ... wielding a +2 vorpal great sword
              (4 damage)
             ... on level 12 of the Dungeon.
             The game lasted 00:09:27 (16750 turns).

kae the Severer (Hill Orc Fighter)                 Turns: 16750, Time: 00:09:28

Health: -2/108     AC: 19    Str: 24    XL:     12   Next: 34%
Magic:  17/17      EV: 11    Int:  8    God:    Qazlal [**....]
Gold:   967        SH: 13    Dex: 10    Spells: 11/11 levels left

rFire    . . .     SeeInvis .   f - +5 war axe
rCold    . . .     Faith    .   c - +0 kite shield
rNeg     . . .     Spirit   .   b - +0 scale mail
rPois    .         Reflect  .   o - +2 helmet
rElec    .         Harm     .   (no cloak)
rCorr    .         Rampage  .   g - +2 pair of gloves
MR       +....                  (no boots)
Stlth    ..........             (no amulet)
HPRegen  0.28/turn              E - +4 ring of protection
MPRegen  0.15/turn              z - ring of protection from magic

@: no status effects
A: no striking features
a: Upheaval, Renounce Religion


You were on level 12 of the Dungeon.
You worshipped Qazlal.
Qazlal was pleased with you.
You visited 2 branches of the dungeon, and saw 13 of its levels.

You collected 967 gold pieces.

Inventory:

Hand Weapons
 a - a +0 war axe
 f - a +5 war axe (weapon)
Armour
 b - a +0 scale mail (worn)
 c - a +0 kite shield (worn)
 g - a +2 pair of gloves (worn)
 o - a +2 helmet (worn)
Jewellery
 u - an uncursed ring of stealth
 z - a ring of protection from magic (right hand)
 E - a +4 ring of protection (left hand)
 H - a +6 ring of intelligence
Wands
 t - a wand of acid (4)
 w - a wand of iceblast (6)
 A - a wand of disintegration (35)
 D - a wand of paralysis (7)
 F - a wand of enslavement (11)
Scrolls
 h - a scroll of teleportation
 l - 6 scrolls of remove curse
 m - 2 scrolls of magic mapping
 p - 5 scrolls of amnesia
 y - a scroll of enchant armour
 C - 2 scrolls of fog
Potions
 d - 2 potions of mutation
 e - 2 potions of berserk rage
 i - 4 potions of haste
 j - 4 potions of brilliance
 k - a potion of flight
 n - a potion of magic
 q - 3 potions of lignification
 r - 6 potions of curing
 s - a potion of invisibility
 v - a potion of ambrosia
 x - 3 potions of degeneration
 B - a potion of cancellation


   Skills:
 + Level 10.8 Fighting
 * Level 15.1 Axes
 + Level 9.9 Armour
 + Level 7.0 Dodging
 - Level 3.2 Shields
 + Level 7.1 Invocations


You had 11 spell levels left.
You didn't know any spells.
Your spell library contained the following spells:

 Spells                   Type           Power        Failure   Level
 Beastly Appendage        Tmut           #.....       99%         1
 Wereblood                Tmut           #.......     99%         2
 Spider Form              Tmut/Pois      #.........   100%        3
 Ice Form                 Ice/Tmut       #.......     100%        4
 Blade Hands              Tmut           #.........   100%        5
 Irradiate                Conj/Tmut      #.........   100%        5
 Hydra Form               Tmut           #.........   100%        6
 Statue Form              Tmut/Erth      #........    100%        6
 Dragon Form              Tmut           #.........   100%        7


Dungeon Overview and Level Annotations

Branches:
Dungeon (12/15)            Temple (1/1) D:4            Lair (0/6) D:11
    Orc (0/2) D:11

Altars:
Ashenzari
Cheibriados
Dithmenos
Elyvilon
Fedhas
Gozag
Hepliaklqana
Kikubaaqudgha
Makhleb
Nemelex Xobeh
Okawaru
Qazlal
Ru
Sif Muna
Trog
Uskayaw
Vehumet
Wu Jian
Xom
Yredelemnul
Zin
The Shining One

Shops:
D:9 :

Annotations:
D:12 Rupert


Message History

Rupert is almost dead.
You block Rupert's attack.
You hit Rupert.
Rupert is almost dead.
Rupert hits you with a +2 vorpal great sword!!
* * * LOW HITPOINT WARNING * * *
You hit Rupert but do no damage.
Rupert is almost dead.
You block Rupert's attack.
You hit Rupert.
Rupert is almost dead.
You block Rupert's attack.
You closely miss Rupert.
Rupert is almost dead.
You block Rupert's attack.
You slash Rupert!
Rupert is almost dead.
Rupert hits you with a +2 vorpal great sword!!
* * * LOW HITPOINT WARNING * * *
You die...

# #.###.# #.##.....#
#....##..# ###
######.##### ..#
............#
####.##############..
#.(........# #..
#..°@......# #..
#..○@......########..
##..○§................
#.^.........#####.....
#..........#####..##..
#..........##....#####
#..........#..####
#........(...##
##..........##
#........###


You could see Rupert (berserk).

Vanquished Creatures
  2 two-headed ogres
  3 death yaks (D:11)
  2 centaur warriors
  A wolf spider zombie (D:11)
  An ugly thing (D:11)
  A cyclops (D:9)
  Joseph (D:7)
  3 gargoyles
  A queen bee (D:11)
  3 trolls
  Prince Ribbit (D:7)
  Sigmund (D:5)
  A redback (shapeshifter) (D:11)
  7 yaks
  Menkaure (D:6)
  A soldier ant (D:10)
  3 orc warriors
  4 sky beasts
  A black bear (D:7)
  3 ice beasts
  2 phantoms
  3 ogres
  A necrophage (D:8)
  An eye of draining (D:12)
  7 centaurs
  A big kobold (D:11)
  Blork the orc (D:4)
  6 bullfrogs
  A gnoll sergeant (D:11)
  A water moccasin zombie (D:11)
  3 scorpions
  A water moccasin skeleton (D:9)
  30 killer bees
  10 wights
  5 howler monkeys
  A quasit (D:11)
  3 bullfrog zombies
  3 hounds
  2 jellies
  3 orc priests
  8 orc wizards
  2 bullfrog skeletons
  4 centaur skeletons
  A centaur zombie (D:8)
  Ijyb (D:5)
  Natasha (thrice) (D:3)
  4 iguanas
  A hell rat (D:11)
  7 worker ants
  A killer bee zombie (D:7)
  A worker ant zombie (D:9)
  11 adders
  A river rat (D:11)
  A shadow imp (D:6)
  2 white imps (D:5)
  5 ufetubi
  An ooze (D:6)
  2 adder zombies
  2 worms
  10 dart slugs
  7 leopard geckos
  36 orcs
  4 ball pythons
  5 bats
  3 giant cockroaches
  7 hobgoblins
  6 jackals
  7 kobolds
  6 quokkas
  3 frilled lizards
  5 goblins
  8 rats
291 creatures vanquished.

Vanquished Creatures (others)
  A plant (D:11)
1 creature vanquished.

Grand Total: 292 creatures vanquished

Notes
Turn   | Place    | Note
-------+----------+-------------------------------------------
     0 | D:1      | kae the Hill Orc Fighter began the quest for the Orb.
     0 | D:1      | Reached XP level 1. HP: 19/19 MP: 1/1
   169 | D:1      | Reached skill level 3 in Axes
   173 | D:1      | Reached XP level 2. HP: 21/27 MP: 2/2
   514 | D:1      | Reached XP level 3. HP: 33/33 MP: 3/3
   875 | D:2      | Reached skill level 1 in Dodging
   876 | D:2      | Reached skill level 4 in Axes
   876 | D:2      | Reached XP level 4. HP: 25/40 MP: 4/4
  1513 | D:3      | Reached XP level 5. HP: 37/47 MP: 5/5
  1681 | D:3      | Reached skill level 5 in Axes
  2001 | D:3      | Noticed Natasha
  2013 | D:3      | Killed Natasha
  2307 | D:3      | Reached XP level 6. HP: 34/53 MP: 6/6
  2451 | D:3      | Found a shimmering altar of Xom.
  2452 | D:3      | Found a stormy altar of Qazlal.
  2453 | D:3      | Found an opulent altar of Gozag.
  2512 | D:3      | Noticed Natasha
  2517 | D:3      | Killed Natasha
  2837 | D:3      | Found a shimmering altar of Xom.
  2838 | D:3      | Found a stormy altar of Qazlal.
  2839 | D:3      | Found an opulent altar of Gozag.
  2959 | D:3      | Noticed Natasha
  2965 | D:3      | Killed Natasha
  3359 | D:4      | Reached skill level 5 in Fighting
  3359 | D:4      | Reached skill level 6 in Axes
  3635 | D:4      | Noticed Blork the orc
  3644 | D:4      | Killed Blork the orc
  3644 | D:4      | Reached XP level 7. HP: 33/61 MP: 7/7
  3649 | D:4      | HP: 2/61 [orc priest/divine providence (14)]
  3975 | D:4      | You fall into a shaft and drop 1 floor!
  3975 | D:5      | Entered Level 5 of the Dungeon
  3999 | D:5      | Reached skill level 5 in Armour
  4261 | D:4      | You fall into a shaft and drop 3 floors!
  4290 | D:7      | Reached skill level 7 in Axes
  4616 | D:7      | Reached XP level 8. HP: 36/70 MP: 8/8
  4840 | D:6      | Reached skill level 8 in Axes
  4992 | D:6      | Noticed Menkaure
  5004 | D:6      | Killed Menkaure
  5274 | D:6      | You fall into a shaft and drop 1 floor!
  5293 | D:7      | Noticed Joseph
  5301 | D:7      | Paralysed by Joseph for 7 turns
  5311 | D:7      | Paralysed by Joseph for 5 turns
  5326 | D:7      | Killed Joseph
  5326 | D:7      | Reached skill level 9 in Axes
  5431 | D:7      | Noticed Prince Ribbit
  5587 | D:7      | Reached XP level 9. HP: 75/78 MP: 9/9
  5647 | D:7      | Reached skill level 10 in Axes
  5876 | D:6      | Found an ornate altar of the Wu Jian Council.
  6189 | D:4      | Found a staircase to the Ecumenical Temple.
  6994 | D:5      | Noticed Ijyb
  7014 | D:5      | Killed Ijyb
  7162 | D:5      | Noticed Sigmund
  7170 | D:5      | Killed Sigmund
  7170 | D:5      | Reached skill level 11 in Axes
  8309 | Temple   | Entered the Ecumenical Temple
  8532 | D:3      | Became a worshipper of Qazlal Stormbringer
  9024 | D:7      | Reached XP level 10. HP: 88/88 MP: 10/10
  9112 | D:7      | Reached skill level 5 in Dodging
  9488 | D:7      | Killed Prince Ribbit
  9597 | D:8      | Found an ancient bone altar of Kikubaaqudgha.
  9706 | D:8      | Reached skill level 12 in Axes
 10346 | D:9      | Noticed a cyclops
 10368 | D:9      | Killed a cyclops
 10368 | D:9      | Reached skill level 1 in Invocations
 10523 | D:9      | Found a stormy altar of Qazlal.
 10552 | D:9      | Reached * piety under Qazlal
 10763 | D:9      | Found Zuklekk's Book Boutique.
 10792 | D:9      | Found a white marble altar of Elyvilon.
 11023 | D:9      | Noticed a two-headed ogre
 11032 | D:9      | Killed a two-headed ogre
 11693 | D:10     | Entered Level 10 of the Dungeon
 11729 | D:10     | Noticed a frost giant
 12182 | D:10     | Reached skill level 13 in Axes
 12197 | D:10     | Reached XP level 11. HP: 90/97 MP: 13/13
 12379 | D:10     | Noticed a centaur warrior
 12388 | D:10     | Killed a centaur warrior
 12469 | D:10     | Noticed a two-headed ogre
 12482 | D:10     | Killed a two-headed ogre
 13449 | D:11     | Found a staircase to the Orcish Mines.
 13469 | D:11     | Reached skill level 5 in Invocations
 13489 | D:11     | Noticed a centaur warrior
 13497 | D:11     | Reached skill level 10 in Fighting
 13498 | D:11     | Killed a centaur warrior
 13504 | D:11     | Reached skill level 14 in Axes
 14170 | D:11     | Reached ** piety under Qazlal
 14885 | D:11     | Noticed a red ugly thing
 14897 | D:11     | Killed a red ugly thing
 14897 | D:11     | Reached XP level 12. HP: 79/107 MP: 16/16
 15279 | D:11     | Found a staircase to the Lair.
 15285 | D:11     | Noticed a death yak
 15288 | D:11     | Noticed a death yak
 15289 | D:11     | Noticed a death yak
 15664 | D:11     | Killed a death yak
 15839 | D:11     | Killed a death yak
 15847 | D:11     | Killed a death yak
 15847 | D:11     | Reached skill level 15 in Axes
 16724 | D:12     | Noticed Rupert
 16750 | D:12     | HP: 2/108 [Rupert/+2 vorpal great sword (27)]
 16750 | D:12     | Slain by Rupert

Illustrated notes

Levels and vault maps discovered:
D:1:      dpeg_arrival_shelter, layout_rooms, minmay_vboxes
D:2:      layout_rooms
D:3:      kennysheep_slugbush, layout_basic,
          chequers_temple_overflow_statue_of_worship, portal_sewer_entry_d,
          chequers_serial_rivers_small_3, uniq_natasha
D:4:      layout_loops_ring, temple_hall, uniq_blork_the_orc
D:5:      layout_loops_corners, kennysheep_crisscross, uniq_ijyb, uniq_sigmund
D:6:      layout_layer_cave, overflow_temple_1_default, uniq_menkaure
D:7:      wander_river, layout_loops_ring, st_stairs_3, uniq_joseph,
          uniq_prince_ribbit1
D:8:      layout_basic, kiku_gazebo_garden_becter, kennysheep_generic_room_15
D:9:      layout_stronghold, elyvilon_altar_1, serial_shops, shop_fountains,
          hangedman_decor_opposing, nicolae_qazlal_general_emergency
D:10:     layout_stronghold, minmay_three_doors
D:11:     regret_index_tunnel_blossom, layout_basic, dpeg_lair_monsters,
          orc_0_dummy, st_stairs_13
D:12:     layout_rooms, special_room [special_room_orc],
          chequers_serial_rivers_micro_a, uniq_rupert
Temple:   eino_temple_rhombus

Skill      XL: |  1  2  3  4  5  6  7  8  9 10 11 12 |
---------------+-------------------------------------+-----
Axes           | 3 4 5 6 7 9 11 13 14 15 | 15.1
Fighting       | 4 5 6 8 9 10 | 10.8
Dodging        | 1 2 3 4 5 6 7 |  7.0
Armour         | 4 5 6 7 8 9 |  9.9
Invocations    | 3 6 7 |  7.1
Shields        | |  3.2

Action                   |  1- 3 |  4- 6 |  7- 9 | 10-12 || total
-------------------------+-------+-------+-------+-------++-------
Melee: War axe           |   116 |   186 |   399 |   517 ||  1218
Evoke: Wand              |       |     5 |     4 |       ||     9
  Use: Scroll            |       |     8 |    12 |     8 ||    28
       Potion            |       |     1 |     4 |       ||     5
Armor: Scale mail        |    61 |    84 |   169 |   150 ||   464
Dodge: Dodged            |    38 |    53 |    98 |   171 ||   360
Block: Kite shield       |    59 |    99 |   155 |   261 ||   574

Table legend: (Time is in decaauts)
 A = Elapsed time spent in this place.
 B = Non-inter-level travel time spent in this place.
 C = Inter-level travel time spent in this place.
 D = Time resting spent in this place.
 E = Time spent auto-exploring this place.
 F = Levels seen in this place.
 G = Mean time per level.
                   A        B        C        D        E       F      G
               +--------+--------+--------+--------+--------+-----+--------+
         Total |  16929 |  16209 |    720 |   3732 |  10081 |  13 | 1302.2 |
       Dungeon |  16757 |  16058 |    699 |   3732 |   9930 |  12 | 1396.4 |
        Temple |    171 |    151 |     20 |      0 |    151 |   1 |  171.0 |
               +--------+--------+--------+--------+--------+-----+--------+

Top non-repeatable levels by time:
    D:11: 2513 daAuts
    D:10: 2311 daAuts
     D:3: 2017 daAuts
     D:7: 1866 daAuts
     D:6: 1552 daAuts
     D:5: 1367 daAuts
     D:9: 1365 daAuts
     D:4: 1339 daAuts
     D:2: 828 daAuts
     D:8: 766 daAuts
     D:1: 664 daAuts
  Temple: 171 daAuts
    D:12: 164 daAuts
